 Dungeon Crawl Stone Soup version 0.21.1-1-g345015fe64 (webtiles) character file.

36203 Kohma the Tortoise (level 13, 0/122 HPs)
             Began as a Minotaur Fighter on June 9, 2018.
             Was a High Priest of the Shining One.
             Succumbed to a merfolk's poison
             ... on level 1 of the Shoals.
             The game lasted 01:13:23 (19158 turns).

Kohma the Tortoise (Minotaur Fighter)              Turns: 19158, Time: 01:13:24

Health: 0/122      AC: 23    Str: 28    XL:     13   Next: 51%
Magic:  18/18      EV:  9    Int:  7    God:    the Shining One [*****.]
Gold:   866        SH:  0    Dex: 10    Spells: 3/12 levels left

rFire    . . .     SeeInvis .   s - +2 battleaxe (venom)
rCold    . . .     Gourm    .   (shield currently unavailable)
rNeg     + + .     Faith    .   D - +1 plate armour
rPois    .         Spirit   .   (helmet restricted)
rElec    .         Reflect  .   j - +0 cloak
rCorr    .         Harm     .   M - +0 pair of gloves "Dugaronome" {Str+2 Int+2}
MR       .....                  q - +1 pair of boots
Stlth    ..........             (no amulet)
HPRegen  0.30/turn              (no ring)
MPRegen  0.16/turn              (no ring)

@: lethally poisoned (0 -> -7), hasted, glowing, very quick
A: retaliatory headbutt, horns 2
a: Divine Shield, Cleansing Flame, Summon Divine Warrior, Renounce Religion


You were on level 1 of the Shoals.
You worshipped the Shining One.
The Shining One was extremely pleased with you.
You were not hungry.

You visited 5 branches of the dungeon, and saw 19 of its levels.

You collected 866 gold pieces.

Inventory:

Hand Weapons
 a - a +0 war axe
 g - a +3 scimitar of flaming
 s - a +2 battleaxe of venom (weapon)
 y - a +0 dagger of speed
 z - a +0 hand crossbow
 H - a +0 shortbow
Missiles
 b - a tomahawk of returning (quivered)
 t - a throwing net
 I - 133 arrows
Armour
 c - a +0 shield
 j - a +0 cloak (worn)
 p - +0 fire dragon scales
 q - a +1 pair of boots (worn)
 D - a +1 plate armour (worn)
 M - the +0 pair of gloves "Dugaronome" (worn) {Str+2 Int+2}
   (You found it on level 3 of the Lair of Beasts)

   It affects your strength (+2).
   It affects your intelligence (+2).
Jewellery
 o - an uncursed ring of ice
 v - an uncursed ring of fire
 L - the ring of the Dragon {MR+ AC+2 Stlth+, unknown}
   (You acquired it on level 6 of the Lair of Beasts)

   [ring of protection]

   It affects your AC (+2).
   It affects your resistance to hostile enchantments.
   It makes you more stealthy.
 Q - an uncursed amulet of rage
 S - an uncursed amulet of harm {unknown}
 Z - an uncursed amulet of harm {unknown}
Wands
 i - a wand of polymorph (34)
 r - a wand of acid (26)
 u - a wand of paralysis (19)
 C - a wand of clouds (5)
 K - a wand of flame (60)
 N - a wand of iceblast (5)
Scrolls
 e - 2 scrolls of fear
 A - 3 scrolls of amnesia
 B - 8 scrolls of teleportation
 F - a scroll of fog
 O - 3 scrolls of remove curse
Potions
 d - 4 potions of might
 h - 2 potions of flight
 k - 2 potions of mutation
 m - 3 potions of haste
 n - 2 potions of magic
 w - 2 potions of berserk rage
 E - a potion of lignification {unknown}
 G - 2 potions of brilliance {unknown}
 J - 2 potions of curing
 P - a potion of invisibility {unknown}
 W - a potion of resistance
 Y - 2 potions of agility
Miscellaneous
 l - a phial of floods
 x - a fan of gales
Comestibles
 f - 31 rations
 R - 9 chunks of flesh


   Skills:
 * Level 13.0 Fighting
 * Level 14.8 Axes
 * Level 15.0 Armour
 + Level 3.3 Dodging
 - Level 6.5 Shields
 + Level 9.0 Invocations


You had 3 spell levels left.
You knew the following spells:

 Your Spells              Type           Power        Failure   Level  Hunger
a - Olgreb's Toxic Radia  Pois           #.......     100%        4    #####..
b - Silence               Hex/Air        #.........   100%        5    ######.


Dungeon Overview and Level Annotations

Branches:
Dungeon (9/15)               Lair (6/6) D:8          Shoals (2/4) Lair:3
 Spider (1/4) Lair:2        Slime (1/5) Lair:6
 Temple: D:4-7          Orc: D:9-12

Altars:
Ashenzari
Gozag
Okawaru
Trog
Uskayaw
Vehumet
Xom
The Shining One
Jiyva

Annotations:
D:3 Grinder
Lair:4 exclusion: oklob plant


Innate Abilities, Weirdness & Mutations

You reflexively headbutt those who attack you in melee.
You have a pair of horns on your head.


Message History

As you read the scroll of fear, it crumbles to dust.
You assume a fearsome visage.
The merfolk looks frightened!
The snapping turtle looks frightened!
The water elemental is unaffected.
The merfolk looks frightened!
* * * LOW HITPOINT WARNING * * *
You feel sick. The water elemental hits you.
* * * LOW HITPOINT WARNING * * *
* * * LOW HITPOINT WARNING * * *
You feel sick. The water elemental hits you.
The water elemental engulfs you in water!
With effort, you pull free of the water engulfing you.
You gasp with relief as air once again reaches your lungs.
* * * LOW HITPOINT WARNING * * *
You feel sick.
You slice the water elemental!! You headbutt the water elemental!
The water elemental is severely damaged.
The water elemental barely misses you.
You slice the water elemental!!
You destroy the water elemental!
You die...

≈≈≈≈≈..≈≈≈≈≈..# ....# #...≈≈≈≈
≈≈≈≈≈≈.≈≈≈≈≈≈.# ..≈≈≈ ..≈≈≈≈≈≈
≈≈≈≈≈≈≈≈≈≈≈≈..# #...≈≈ ....>≈≈≈
≈≈≈≈≈≈≈≈≈≈≈≈≈..# ...≈≈≈.....≈≈≈≈
≈≈≈≈≈≈≈≈≈≈≈≈≈≈.###.≈≈≈≈≈...≈≈≈≈≈≈
≈≈≈≈≈≈≈≈≈≈≈≈≈≈≈...≈≈≈≈≈≈
≈≈≈≈≈≈≈≈≈≈≈≈≈≈≈...≈≈≈≈≈≈
≈≈≈≈≈≈≈≈≈≈≈≈≈≈≈..(≈≈≈≈≈≈
≈≈≈≈≈≈≈.≈≈≈≈≈≈≈≈@≈≈≈≈≈≈≈
≈≈≈.....≈≈≈≈≈≈≈≈≈≈≈≈≈≈≈≈
≈≈≈≈..≈≈≈≈≈≈≈≈≈≈≈≈≈≈≈≈≈≈
≈≈≈≈..≈≈≈≈≈≈≈≈≈≈≈≈≈≈[≈≈≈
≈......≈≈≈≈≈≈≈≈≈§≈≈≈≈≈≈≈
≈≈...##.≈≈≈≈≈≈≈§§§≈≈≈≈t)
≈≈≈)....(≈≈≈≈≈§≈§§§≈≈.≈.
≈≈≈≈...≈≈≈≈≈≈≈≈§###≈≈≈≈.
≈≈≈≈..≈≈.≈≈≈≈≈≈(###≈≈≈≈≈


You could see a snapping turtle (fleeing).

Vanquished Creatures
  Josephine (Lair:5)
  A fire dragon (Lair:6)
  3 hydras
  A catoblepas (Lair:5)
  Erica (D:7)
  A two-headed ogre (D:8)
  3 death yaks (Lair:3)
  Pikel (D:8)
  An orb spider (Spider:1)
  2 lindwurms
  A faun (Shoals:1)
  A merfolk siren (Lair:3)
  Maurice (D:8)
  5 elephants (Lair:5)
  5 black mambas
  2 molten gargoyles (Lair:6)
  8 spiny frogs
  A torpor snail (Lair:6)
  3 komodo dragons
  A rime drake (Lair:6)
  A demonic crawler (Lair:2)
  6 merfolk
  3 jumping spiders
  8 blink frogs
  2 polar bears
  A queen bee (Lair:3)
  5 hippogriffs
  A snapping turtle (Shoals:1)
  A shadow (D:9)
  A human (D:7)
  6 basilisks
  12 yaks
  4 hogs (D:7)
  2 water elementals (Shoals:1)
  5 wraiths (Lair:5)
  3 wyverns
  2 steam dragons
  Menkaure (D:5)
  A warg (Lair:2)
  8 water moccasins
  3 hell hounds
  Duvessa (D:7)
  6 porcupines
  An orc warrior (D:4)
  An ice beast (D:3)
  4 black bears
  A sky beast (D:4)
  3 slaves (D:8)
  An ogre (D:7)
  2 centaurs
  13 wolves
  8 crocodiles
  12 bullfrogs
  Dowan (D:7)
  2 scorpions
  23 killer bees
  3 howler monkeys
  5 wights (D:8)
  3 electric eels
  2 crimson imps (D:7)
  8 hounds
  5 lava snakes (Lair:6)
  A quasit (D:4)
  2 orc priests
  A jelly (D:7)
  9 orc wizards
  A bullfrog skeleton (D:4)
  A centaur skeleton (D:4)
  Crazy Yiuf (D:3)
  An iguana (D:9)
  4 worker ants
  A hound skeleton (D:8)
  8 gnolls
  9 adders
  A shadow imp (D:8)
  2 oozes
  An adder skeleton (D:8)
  3 worms
  A dart slug (D:1)
  10 leopard geckos
  15 orcs
  2 ball pythons
  6 bats
  5 giant cockroaches
  7 goblins
  6 hobgoblins
  7 jackals
  3 quokkas
  3 frilled lizards
  A jackal skeleton (D:5)
  9 kobolds
  3 rats
  2 bushes
  2 fungi
  3 plants
355 creatures vanquished.

Vanquished Creatures (others)
  A slave (D:8)
  6 fungi
7 creatures vanquished.

Grand Total: 362 creatures vanquished

Notes
Turn   | Place    | Note
-------+----------+-------------------------------------------
     0 | D:1      | Kohma the Minotaur Fighter began the quest for the Orb.
     0 | D:1      | Reached XP level 1. HP: 19/19 MP: 0/0
   240 | D:1      | Reached XP level 2. HP: 26/27 MP: 1/1
   430 | D:2      | Reached skill level 4 in Armour
   821 | D:2      | Reached XP level 3. HP: 33/33 MP: 2/2
  1553 | D:2      | Reached XP level 4. HP: 40/40 MP: 3/3
  1620 | D:2      | Found a glowing golden altar of the Shining One.
  1639 | D:2      | Became a worshipper of the Shining One
  2007 | D:3      | Noticed Grinder
  2012 | D:3      | Paralysed by Grinder for 7 turns
  2482 | D:3      | Reached XP level 5. HP: 46/47 MP: 4/4
  2490 | D:4      | Noticed a hand axe
  2635 | D:4      | Noticed an ice beast
  2645 | D:3      | Reached skill level 5 in Armour
  2683 | D:3      | Killed an ice beast
  2683 | D:3      | Reached skill level 1 in Invocations
  2683 | D:3      | Reached XP level 6. HP: 24/53 MP: 5/5
  2868 | D:3      | Found a shimmering altar of Xom.
  3046 | D:3      | Found a runed door.
  3051 | D:3      | Noticed Crazy Yiuf
  3057 | D:3      | Killed Crazy Yiuf
  3510 | D:4      | Noticed a dagger
  3517 | D:4      | Found a hide-covered altar of Uskayaw.
  3545 | D:4      | Got an ebony trident
  3574 | D:4      | Found an opulent altar of Gozag.
  3585 | D:4      | Reached skill level 5 in Axes
  3748 | D:4      | Reached skill level 5 in Fighting
  3825 | D:4      | Reached skill level 5 in Shields
  3851 | D:4      | Noticed a sky beast
  3859 | D:4      | Killed a sky beast
  3859 | D:4      | Reached skill level 6 in Armour
  3859 | D:4      | Reached XP level 7. HP: 46/61 MP: 7/7
  4045 | D:5      | Entered Level 5 of the Dungeon
  4160 | D:4      | Reached * piety under the Shining One
  4269 | D:5      | Noticed Menkaure
  4460 | D:5      | Killed Menkaure
  4768 | D:5      | Found a radiant altar of Vehumet.
  4870 | D:4      | Reached XP level 8. HP: 68/70 MP: 9/9
  4901 | D:5      | Reached skill level 7 in Armour
  5503 | D:7      | Reached skill level 8 in Armour
  5656 | D:7      | Reached XP level 9. HP: 66/78 MP: 10/10
  5714 | D:7      | Reached skill level 9 in Armour
  5921 | D:7      | Noticed Dowan
  5923 | D:7      | Noticed Duvessa
  5928 | D:7      | Killed Dowan
  5934 | D:7      | Killed Duvessa
  6126 | D:7      | Found an iron altar of Okawaru.
  6654 | D:7      | Found a bloodstained altar of Trog.
  7144 | D:8      | Reached ** piety under the Shining One
  7238 | D:8      | Noticed Maurice
  7243 | D:8      | Killed Maurice
  7243 | D:8      | Reached skill level 10 in Armour
  7243 | D:8      | Reached skill level 5 in Invocations
  7291 | D:8      | Learned a level 4 spell: Olgreb's Toxic Radiance
  7359 | D:8      | Noticed a two-headed ogre
  7365 | D:8      | Killed a two-headed ogre
  7365 | D:8      | Reached skill level 10 in Axes
  7365 | D:8      | Reached XP level 10. HP: 61/88 MP: 11/13
  7395 | D:8      | Noticed Pikel
  7401 | D:8      | Killed Pikel
  7435 | D:8      | Learned a level 5 spell: Silence
  7577 | D:8      | Noticed Erica
  7612 | D:7      | Killed Erica
  7612 | D:7      | Reached skill level 11 in Armour
  7988 | D:8      | Found a staircase to the Lair.
  8334 | Lair:1   | Entered Level 1 of the Lair of Beasts
  8366 | Lair:1   | Noticed a spiny frog
  8367 | Lair:1   | Noticed a spiny frog
  8372 | Lair:1   | Killed a spiny frog
  8379 | Lair:1   | Noticed a spiny frog
  8379 | Lair:1   | Reached *** piety under the Shining One
  8387 | Lair:1   | Killed a spiny frog
  8676 | D:8      | Killed a spiny frog
  8678 | D:8      | Reached XP level 11. HP: 60/95 MP: 14/14
  9559 | Lair:2   | Noticed a five-headed hydra
  9563 | Lair:2   | Reached skill level 12 in Armour
  9569 | Lair:2   | Killed a nine-headed hydra
 10770 | Lair:2   | Found a hole to the Spider Nest.
 10774 | Spider:1 | Entered Level 1 of the Spider Nest
 10774 | Spider:1 | Noticed an orb spider
 10918 | Spider:1 | Killed an orb spider
 10941 | Spider:1 | Noticed an orb spider
 10943 | Spider:1 | Noticed an orb spider
 11566 | Lair:3   | Reached skill level 10 in Fighting
 11920 | Lair:3   | Noticed a death yak
 11921 | Lair:3   | Noticed a death yak
 11922 | Lair:3   | Noticed a death yak
 11937 | Lair:3   | Killed a death yak
 11937 | Lair:3   | Reached skill level 13 in Armour
 11941 | Lair:3   | Killed a death yak
 11945 | Lair:3   | Killed a death yak
 11945 | Lair:3   | Reached XP level 12. HP: 36/107 MP: 16/16
 12358 | Lair:3   | Got a pair of spiked gloves
 12364 | Lair:3   | Identified the cursed +0 pair of gloves "Dugaronome" {Str+2 Int+2} (You found it on level 3 of the Lair of Beasts)
 12447 | Lair:6   | Entered Level 6 of the Lair of Beasts
 12581 | Lair:3   | Found a staircase to the Shoals.
 12591 | Shoals:1 | Entered Level 1 of the Shoals
 12692 | Shoals:2 | Noticed a merfolk aquamancer
 12692 | Shoals:2 | Noticed a merfolk aquamancer
 12692 | Shoals:2 | Noticed a merfolk aquamancer
 12692 | Shoals:2 | Reached **** piety under the Shining One
 14074 | Lair:5   | Noticed Josephine
 14091 | Lair:5   | Killed Josephine
 14091 | Lair:5   | Reached skill level 14 in Armour
 14362 | Lair:5   | Noticed an eight-headed hydra
 14373 | Lair:5   | Killed a 12-headed hydra
 14736 | Lair:5   | Reached skill level 1 in Dodging
 14925 | Lair:5   | Noticed a catoblepas
 14940 | Lair:5   | Killed a catoblepas
 15130 | Lair:5   | You fall through a shaft!
 15138 | Lair:6   | Reached XP level 13. HP: 118/118 MP: 18/18
 15530 | Lair:6   | Found a staircase to the Slime Pits.
 15530 | Lair:6   | Found a viscous altar of Jiyva.
 15664 | Lair:6   | Identified a scroll of acquirement
 15665 | Lair:6   | Got a bound bronze ring
 15866 | Lair:6   | HP: 2/119 [lindwurm (7)]
 15920 | Lair:6   | HP: 5/119 [basilisk (3)]
 15921 | Lair:6   | HP: 1/119 [hell hound (2)]
 15922 | Lair:6   | The Shining One protects you from harm!
 15932 | Lair:6   | HP: 3/119 [hell hound/blast of flame (2)]
 16471 | Lair:6   | Noticed a fire dragon
 16472 | Lair:6   | Found a large runed door.
 16473 | Lair:6   | Found a large runed door.
 17282 | Lair:6   | Reached ***** piety under the Shining One
 17380 | Lair:6   | Killed a fire dragon
 17683 | Slime:1  | Entered Level 1 of the Pits of Slime
 17683 | Slime:1  | Noticed an acid blob
 18312 | Lair:4   | Found a shattered altar of Ashenzari.
 19043 | Shoals:1 | Reached skill level 15 in Armour
 19154 | Shoals:1 | HP: 6/122 [poisoned by a merfolk]
 19155 | Shoals:1 | HP: 2/122 [poisoned by a merfolk]
 19158 | Shoals:1 | Succumbed to a merfolk's poison

Skill      XL: |  1  2  3  4  5  6  7  8  9 10 11 12 13 |
---------------+----------------------------------------+-----
Armour         | 4 5 6 8 10 11 13 14 15 | 15.0
Axes           | 3 4 5 6 7 10 11 12 14 | 14.8
Fighting       | 4 5 6 7 8 10 12 13 | 13.0
Shields        | 4 5 6 |  6.5
Invocations    | 1 2 3 5 6 7 8 9 |  9.0
Dodging        | 1 3 |  3.3

Action                   |  1- 3 |  4- 6 |  7- 9 | 10-12 | 13-15 || total
-------------------------+-------+-------+-------+-------+-------++-------
Melee: War axe           |   106 |   132 |    65 |       |       ||   303
       Headbutt          |    21 |    20 |    26 |    83 |    31 ||   181
       Battleaxe         |       |       |   114 |   361 |   158 ||   633
Throw: Tomahawk          |     2 |    16 |     2 |    38 |    27 ||    85
       Stone             |       |     3 |       |       |       ||     3
  Use: Scroll            |     3 |     6 |     2 |    10 |    10 ||    31
       Potion            |       |       |     1 |     2 |     2 ||     5
  Eat: Chunk             |     2 |     2 |     5 |    12 |     7 ||    28
       Ration            |       |     2 |     2 |     4 |     1 ||     9
Armor: Scale mail        |    47 |    51 |   110 |       |       ||   208
       Plate armour      |       |       |     1 |   362 |   154 ||   517
Dodge: Dodged            |    26 |    41 |   119 |   186 |    77 ||   449
Block: Shield            |    42 |    61 |    35 |       |       ||   138
